cohdb
Replays
Latest Replays
All Replays
Popular Replays
Top Player Replays
Match Explorer
How It Works
Community
CoH3 Stats
Reddit
Sign in to upload your games and track your stats! →
Sign in with Steam
Match 42445561
Unlisted
Match 42445561
Overview
Messages
Build Orders
End
Kettenkrad Recon Vehicle
Construct Infanterie Kompanie
Selects Breakthrough Battlegroup
Selects Assault Grenadiers
MG 42 Machine Gun Team
Grenadier Squad
Grenadier Squad
Grenadier Squad
Construct Panzergrenadier Kompanie
Medical Bunker
Infanterie Officer Quarters
Selects Rapid Production
Pak 40 Anti-tank Gun Team
Support Elements
StuG III G Assault Gun
StuG III G Assault Gun
Selects Blitzkrieg
Nebelwerfer 42 Rocket Launcher Team
Jokerface
JimmyS
RunningWithFate
Onoyk
0
0
Comments
sign in to comment!
No comments posted yet!